 Dungeon Crawl Stone Soup version 0.30.0-15-g856e2d3f33 (webtiles) character file.

Game seed: 99283742896587128

457 Kenran the Carver (level 7, -4/51 HPs)
             Began as a Barachi Gladiator on May 18, 2023.
             Slain by Menkaure (6 damage)
             ... on level 4 of the Dungeon.
             The game lasted 00:06:38 (3698 turns).

Kenran the Carver (Barachi Gladiator)               Turns: 3698, Time: 00:06:38

Health: -4/51      AC:  6    Str: 15    XL:     7   Next: 6%
Magic:  7/7        EV: 12    Int:  7    God:
Gold:   158        SH:  3    Dex: 15    Spells: 6/6 levels left

rFire   . . .        a - +0 long sword
rCold   + + .        g - +0 buckler
rNeg    . . .        s - +2 leather armour "Waong" {rElec rPois rC++ Int-2}
rPois   +            c - +0 helmet
rElec   +            (no cloak)
rCorr   .            (no gloves)
SInv    .            (no boots)
Will    .....        (no amulet)
Stlth   +            (no ring)
HPRegen 0.28/turn    (no ring)
MPRegen 0.10/turn

%: no passive effects
@: unable to hop, invisible, slow
A: amphibious, slowness 1, strong legs 1, +LOS
a: Hop


You were on level 4 of the Dungeon.
You visited 1 branch of the dungeon, and saw 4 of its levels.

You collected 158 gold pieces.

Inventory:

Hand Weapons
 a - a +0 long sword (weapon)
 l - a +1 dagger of flaming
Missiles
 d - 4 throwing nets (quivered)
 e - a javelin
Armour
 c - a +0 helmet (worn)
 g - a +0 buckler (worn)
 s - the +2 leather armour "Waong" (worn) {rElec rPois rC++ Int-2}
   (You found it on level 3 of the Dungeon)

   Int:       It affects your intelligence (-2).
   rC:        It greatly protects you from cold.
   rElec:     It insulates you from electricity.
   rPois:     It protects you from poison.
Jewellery
 j - an amulet of guardian spirit
 m - a ring of ice
 r - an amulet of faith {!P}
Scrolls
 b - a scroll of blinking {unknown}
 h - a scroll of identify {unknown}
 i - a scroll of fog {unknown}
 k - a scroll of poison {!r}
 n - a scroll of immolation {unknown}
 p - a scroll of fear
 q - 2 scrolls of teleportation {unknown}
 t - a scroll of enchant armour {unknown}
 v - a scroll of enchant weapon {unknown}
Potions
 o - a potion of brilliance {unknown}
 u - 2 potions of invisibility
 w - a potion of heal wounds {unknown}
 x - a potion of might {unknown}


   Skills:
 - Level 2.4 Fighting
 + Level 9.3 Long Blades
 - Level 2.0 Throwing
 - Level 3.2 Dodging


You had 6 spell levels left.
You didn't know any spells.
Your spell library contained the following spells:

 Spells                   Type           Power      Damage    Failure   Level
 Inner Flame              Hex/Fire       0%         N/A       94%         3
 Yara's Violent Unravell  Hex/Tmut       0%         3d3       100%        5
 Enfeeble                 Hex            0%         N/A       100%        7


Dungeon Overview and Level Annotations

Branches:
Dungeon (4/15)
 Temple: D:4-7

Altars:
Dithmenos
Yredelemnul
Zin

Shops:
D:1 (

Annotations:
D:4 Menkaure


Innate Abilities, Weirdness & Mutations

You are amphibious.
You cover ground slowly.
You can hop short distances.
You have an extended range of vision and can be seen from far away.


Message History

You slash Menkaure!
Menkaure is moderately damaged.
You hit Menkaure but do no damage.
Menkaure is moderately damaged.
Menkaure completely misses you.
You hit Menkaure.
Menkaure is moderately damaged.
Menkaure barely misses you.
You hit Menkaure but do no damage.
Menkaure is moderately damaged.
Menkaure closely misses you.
You hit Menkaure.
Menkaure is heavily damaged.
The dart slug misses you. Menkaure hits you!!
* * * LOW HITPOINT WARNING * * *
Okay, then.
It was a potion of invisibility.
You fade into invisibility!
The dart slug misses you.
It was a potion of curing.
You feel better. Menkaure hits you!
* * * LOW HITPOINT WARNING * * *
You feel better. The dart slug misses you. Menkaure hits you.
* * * LOW HITPOINT WARNING * * *
You feel better. Menkaure hits you.
* * * LOW HITPOINT WARNING * * *
The dart slug closely misses you.
You hit Menkaure but do no damage.
Menkaure is heavily damaged.
Menkaure hits you!
* * * LOW HITPOINT WARNING * * *
The dart slug closely misses you.
You hit Menkaure but do no damage.
Menkaure is heavily damaged.
You slash Menkaure!
Menkaure is almost destroyed.
Menkaure closely misses you. The dart slug closely misses you.
You hit Menkaure.
Menkaure is almost destroyed.
Menkaure hits you.
You die...

###....#.#...#....##.# #.#.#.#..
#........#.#.#.#.###..##.........
##.##......#.#.### #..#...#.#.#.#
...##......#.#.# ###.............
...##....[.#.#.# .###.....#.#.#.#
#...#......#.#.# ...#...........#
#............#.##... .........#
###..##......#.)#M## ........
#.####........@w.# ..... ###
#............##.. ##..
##...#.#.#.#......
##.#..........####
##....#.#.#.#...#
######...#.........#...
........##.#.#.#.#......
#######.................#
#.#..#.#.#.#......#


You could see Menkaure and a dart slug (unable to see you).

Vanquished Creatures
  A phantom (D:3)
  A vampire bat (D:3)
  2 iguanas
  Robin (D:2)
  8 adders
  4 gnolls
  5 dart slugs
  3 fire bats (D:3)
  An orc (D:4)
  2 spectral bats (D:3)
  6 ball pythons
  3 bat skeletons (D:3)
  A bat zombie (D:3)
  8 endoplasms
  3 giant cockroaches
  11 goblins
  7 hobgoblins
  4 jackals
  2 kobolds (D:1)
  3 quokkas
  14 bats
  A bat simulacrum (D:3)
  A frilled lizard (D:2)
  4 rats
96 creatures vanquished.

Notes
Turn   | Place    | Note
-------+----------+-------------------------------------------
     0 | D:1      | Kenran the Barachi Gladiator began the quest for the Orb.
     0 | D:1      | Reached XP level 1. HP: 17/17 MP: 1/1
    34 | D:1      | Reached skill level 4 in Long Blades
   129 | D:1      | Reached XP level 2. HP: 16/23 MP: 2/2
   553 | D:1      | Found Fylokek's Antique Weapon Emporium.
   901 | D:2      | Reached skill level 5 in Long Blades
   901 | D:2      | Reached XP level 3. HP: 21/28 MP: 3/3
  1044 | D:2      | Noticed Robin
  1075 | D:2      | HP: 1/28 [Robin/+0 mace (2)]
  1077 | D:2      | Killed Robin
  1078 | D:2      | Reached XP level 4. HP: 2/34 MP: 4/4
  1287 | D:2      | Reached skill level 6 in Long Blades
  1906 | D:3      | Identified the +2 leather armour "Waong" {rElec rPois rC++
                  | Int-2}
  1965 | D:3      | Reached XP level 5. HP: 34/39 MP: 5/5
  2196 | D:3      | Found a glowing silver altar of Zin.
  2205 | D:3      | Found a shadowy altar of Dithmenos.
  2326 | D:3      | Reached skill level 7 in Long Blades
  2373 | D:3      | Reached XP level 6. HP: 33/46 MP: 6/6
  2381 | D:3      | Reached skill level 8 in Long Blades
  2560 | D:3      | Found a basalt altar of Yredelemnul.
  2562 | D:3      | You fall into a shaft and drop 1 floor!
  2643 | D:4      | Noticed Menkaure
  3104 | D:3      | Reached skill level 9 in Long Blades
  3391 | D:4      | Reached XP level 7. HP: 42/51 MP: 7/7
  3692 | D:4      | HP: 1/51 [Menkaure (12)]
  3698 | D:4      | Slain by Menkaure

Illustrated notes

Levels and vault maps discovered:
D:1:      arrival_zaba_pyramid, layout_loops_ring, serial_shops,
          nicolae_shop_advertising_works [nicolae_subvault_shop_adworks]
D:2:      layout_loops_ring, uniq_robin
D:3:      layout_basic, mainiacjoe_overflow_tiny_flanked,
          mainiacjoe_overflow_swirl, st_stairs_5, goddamned_bats
D:4:      layout_cave_pools, serial_co_window_serial, co_window_paths_a,
          co_window_paths_a, co_window_paths_a, co_window_corner_a,
          co_window_corner_a, co_window_paths_a, co_window_corner_b,
          co_window_broadway_c, co_window_2corner, co_window_unsneaky_path_d,
          co_window_corner_b, co_window_4corner_b, glass_columns_b,
          glass_columns_c, glass_columns_a, glass_columns_c, glass_columns_c,
          nrook_loot_triangle, st_stairs_10, uniq_menkaure

Skill      XL: |  1  2  3  4  5  6 |
---------------+-------------------+-----
Long Blades    | 4 5 6 7 9 |  9.3
Fighting       | |  2.4
Throwing       | |  2.0
Dodging        | |  3.2

Action                     |  1- 3 |  4- 6 |  7- 9 || total
---------------------------+-------+-------+-------++-------
  Melee: Long sword        |    85 |   236 |    25 ||   346
Ability: Hop               |     1 |     1 |     1 ||     3
    Use: Scroll            |     1 |     3 |       ||     4
         Potion            |     4 |       |     4 ||     8
   Stab: Sleeping          |       |     2 |       ||     2
 Armour: Leather armour    |    18 |   125 |     3 ||   146
  Dodge: Dodged            |    45 |   216 |    19 ||   280
  Block: Buckler           |    11 |    61 |     3 ||    75
